 Dungeon Crawl Stone Soup version 0.28.0-43-g3370ac3207 (webtiles) character file.

Game seed: 15663495570705448724

23 croobank the Stinger (level 2, 0/24 HPs)
             Began as a Troll Venom Mage on Mar 15, 2022.
             Slain by an orc
             ... wielding a +0 mace
              (1 damage)
             ... on level 2 of the Dungeon.
             The game lasted 00:03:06 (754 turns).

croobank the Stinger (Troll Venom Mage)              Turns: 754, Time: 00:03:06

Health: 0/24       AC:  4    Str: 15    XL:     2   Next: 72%
Magic:  0/3        EV: 10    Int: 11    God:
Gold:   51         SH:  0    Dex: 10    Spells: 0/3 levels left

rFire   . . .      SeeInvis .   (no weapon)
rCold   . . .      Faith    .   (no shield)
rNeg    . . .      Spirit   .   a - +0 robe
rPois   .          Reflect  .   (helmet restricted)
rElec   .          Harm     .   (no cloak)
rCorr   .          Rampage  .   (gloves unavailable)
Will    .....                   (boots unavailable)
Stlth   +.........              (no amulet)
HPRegen 0.88/turn               (no ring)
MPRegen 0.08/turn               (no ring)

@: no status effects
A: large, unfitting armour, claws 3, regeneration 1, shaggy fur 1, tough skin 1
a: no special abilities


You were on level 2 of the Dungeon.
You visited 1 branch of the dungeon, and saw 2 of its levels.

You collected 51 gold pieces.

Inventory:

Missiles
 b - 18 sling bullets
 d - 56 arrows
 g - 21 bolts
Armour
 a - a +0 robe (worn)
Magical Staves
 c - a staff of earth
Scrolls
 e - a scroll of identify {unknown}
Potions
 h - a potion of brilliance {unknown}


   Skills:
 + Level 1.8 Dodging
 + Level 1.2 Stealth
 + Level 1.4 Spellcasting
 + Level 1.0 Transmutations
 + Level 2.3 Poison Magic


You couldn't memorise any spells.
You knew the following spells:

 Your Spells              Type           Power      Damage    Failure   Level
a - Sting                 Tmut/Pois      16%        1d3       16%         1
b - Poisonous Vapours     Pois/Air       6%         N/A       28%         2

Your spell library contained the following spells:

 Spells                   Type           Power      Damage    Failure   Level
 Magic Dart               Conj           0%         1d3       30%         1
 Searing Ray              Conj           0%         2d4       43%         2
 Mephitic Cloud           Conj/Pois/Air  2%         N/A       56%         3
 Olgreb's Toxic Radiance  Pois           5%         N/A       75%         4
 Fulminant Prism          Conj/Hex       0%         3d6       97%         4


Dungeon Overview and Level Annotations

Branches:
Dungeon (2/15)

Altars:

Annotations:
D:2 Jessica


Innate Abilities, Weirdness & Mutations

You are too large for most types of armour.
You have claws for hands.
Your natural rate of healing is unusually fast.
You are covered in fur. (AC +1)
You have tough skin. (AC +1)


Message History

An endoplasm comes into view.
The orc closely misses you.
The orc priest hits you with a +2 hand axe of freezing.
The orc priest freezes you.
* * * LOW HITPOINT WARNING * * *
You claw the orc priest!
The orc priest is almost dead.
The orc barely misses you.
The orc priest hits you with a +2 hand axe of freezing.
* * * LOW HITPOINT WARNING * * *
The orc priest freezes you.
* * * LOW HITPOINT WARNING * * *
It was a potion of heal wounds.
You feel much better. The orc closely misses you.
Jessica gestures at you while chanting. Pain shoots through your body!
Ouch! That really hurt!
Okay, then.
You scratch the orc priest but do no damage.
The orc priest is almost dead.
The orc hits you with a +0 flail.
Jessica grins evilly.
Jessica closely misses you.
The orc priest hits you with a +2 hand axe of freezing.
* * * LOW HITPOINT WARNING * * *
The orc priest freezes you.
* * * LOW HITPOINT WARNING * * *
Sorry, you're not good enough to have a special ability.
Casting: Sting (safe; 16% risk of failure)
Confirm with . or Enter, or press ? or * to list all spells.
Aiming: Sting (safe; 16% risk of failure)
Press: ? - help, Shift-Dir - straight line, f - orc priest
Aim: an orc priest, wielding a +2 hand axe of freezing and wearing a +0 leather armour (almost dead, 64% to hit)
The sting hits the orc priest but does no damage.
The orc priest is poisoned.
The orc priest is almost dead.
The orc hits you with a +0 flail.
* * * LOW HITPOINT WARNING * * *
The orc hits you with a +0 mace.
You die...

..#### ### #.##.. .
.##.##!###### .... .
...##.#....+......
####. #.##....###......
.....##.........#......
.......J...............
......oo@..............
......#@o..............
..... #............#+
.... #..........###.##
... #.....<........>#
.. .............##### .
..............#
.......######+#
..##+#.. ##


You could see an orc priest (poisoned), Jessica, 2 orcs and an endoplasm.

Vanquished Creatures
  A dart slug (D:1)
  An orc (D:2)
  2 ball pythons (D:1)
  2 endoplasms
  3 goblins (D:1)
  2 hobgoblins (D:1)
  2 jackals (D:1)
  A frilled lizard (D:1)
  2 kobolds (D:1)
  2 rats (D:1)
18 creatures vanquished.

Notes
Turn   | Place    | Note
-------+----------+-------------------------------------------
     0 | D:1      | croobank the Troll Venom Mage began the quest for the Orb.
     0 | D:1      | Reached XP level 1. HP: 16/16 MP: 1/1
   191 | D:1      | Reached XP level 2. HP: 21/24 MP: 3/3
   206 | D:1      | Learned a level 2 spell: Poisonous Vapours
   334 | D:1      | Reached skill level 1 in Transmutations
   564 | D:1      | Found a faded altar of an unknown god.
   742 | D:2      | Noticed Jessica
   754 | D:2      | HP: 1/24 [orc/+0 flail (6)]
   754 | D:2      | Slain by an orc

Illustrated notes

Levels and vault maps discovered:
D:1:      tarquinn_simple_flora_water_e, layout_loops_ring,
          shapermc_ecumenical_altar_notcrosses
D:2:      layout_basic, kennysheep_small_spiral, uniq_jessica

Skill      XL: |  1  2 |
---------------+-------+-----
Transmutations | 1 |  1.0
Dodging        | |  1.8
Stealth        | |  1.2
Spellcasting   | |  1.4
Poison Magic   | |  2.3

Action                   || total
-------------------------++-------
Melee: Unarmed           ||    43
       Punch             ||     1
 Cast: Sting             ||     6
       Poisonous Vapours ||     2
  Use: Potion            ||     1
Armor: Robe              ||     9
Dodge: Dodged            ||    17
